 Dungeon Crawl Stone Soup version 0.14-a0-1413-g94b8a5e (webtiles) character file.

4 Ololoev the Caller (level 1, 0/13 HPs)
             Began as a Mummy Summoner on Dec 12, 2013.
             Slain by a kobold
             ... wielding a +0,+0 short sword
              (3 damage)
             ... on Level 1 of the Dungeon.
             The game lasted 00:02:54 (734 turns).

Ololoev the Caller (Mummy Summoner)                  Turns: 734, Time: 00:02:55

HP   0/13        AC  2     Str 11      XL: 1   Next: 58%
MP   0/3         EV 12     Int 14      God:
Gold 0           SH  0     Dex 12      Spells:  1 memorised,  3 levels left

rFire  x . .     SeeInvis .     (no weapon)
rCold  + . .     Clarity  .     a - +0 robe
rNeg   + + +     Conserve .     (no shield)
rPois  +         rCorr    .     (no helmet)
rElec  .         rRot     +     (no cloak)
SustAb . .       Spirit   .     (no gloves)
rMut   .         Warding  .     (no boots)
Saprov . . .     Stasis   .     (no amulet)
                                (no ring)
                                (no ring)

@: not resistant to hostile enchantments, unstealthy
A: no food or potions, fire vulnerability, restore body, cold resistance 1, life
protection 3, poison resistance, torment resistance, unbreathing
a: no special abilities


You were on level 1 of the Dungeon.
You were not hungry.

You visited 1 branch of the dungeon, and saw 1 of its levels.

Inventory:

Hand weapons
 c - a +0,+0 sling
Armour
 a - a +0 robe (worn)
Scrolls
 d - a scroll of identify {unknown}
 e - a scroll of enchant weapon I {unknown}
Books
 b - a book of Callings

   Spells                             Type                      Level
   *Summon Small Mammal               Summoning                    1
   Call Imp                           Summoning                    2
   Call Canine Familiar               Summoning                    3
   Summon Scorpions                   Summoning/Poison             4
   Summon Ice Beast                   Ice/Summoning                4


   Skills:
 - Level 1.5 Dodging
 - Level 1.5 Stealth
 - Level 2.0 Spellcasting
 + Level 3.5 Summonings


You had 3 spell levels left.
You knew the following spells:

 Your Spells              Type           Power        Failure   Level  Hunger
a - Summon Small Mammal   Summ           ##..         6%          1    N/A

Dungeon Overview and Level Annotations

Branches:
Dungeon (1/16)

Altars:


Innate Abilities, Weirdness & Mutations

You do not eat or drink.
Your flesh is vulnerable to fire.
Your flesh is cold resistant.
You are immune to negative energy.
Your system is resistant to poisons.
You are immune to unholy pain and torment.
You can survive without breathing.


Message History

Your rat bites the kobold but does no damage.
Your bat hits the kobold but does no damage.
The kobold misses your bat.
Your rat barely misses the kobold.
Your bat hits the kobold but does no damage.
Your bat barely misses the kobold.
Your bat hits the kobold but does no damage.
Your bat completely misses the kobold.
Your bat closely misses the kobold.
Your bat hits the kobold but does no damage.
You see here a rotting bat corpse.
Your bat closely misses the kobold.
Your bat barely misses the kobold.
Your bat hits the kobold but does no damage.
Your bat hits the kobold but does no damage.
Your bat closely misses the kobold.
Casting: Summon Small Mammal
Confirm with . or Enter, or press ? or * to list all spells.
Your bat closely misses the kobold.
The kobold closely misses you.
Your bat hits the kobold. The kobold hits you with a short sword.
You die...

................#######
#.#.#..................#
#..............#######.##
#................####...####
#.......##..#.....#..≈..#..
##.#...######8..≈....≈....≈
#######....r.b.b..##...≈..≈≈≈..≈.
............####K##%....≈≈≈≈≈≈≈..
........###.####@#....≈≈≈≈...≈≈≈≈
.####...# #.....b...≈≈≈≈≈..<..≈≈≈
.# ##.## ######.#....≈≈≈≈...≈≈≈≈
######.# #.##.....≈≈≈≈≈≈≈..
....>..# #.###...≈..≈≈≈..≈.
...##### #.##8..≈....≈....≈ ##.#
#.##.....#..≈..#.. #.#
#######.#....####)..#### #.#
#.......#..### ###.##


You could see a kobold and 2 friendly bats.

Vanquished Creatures
  A bat (D:1)
  A giant newt (D:1)
  A rat (D:1)
3 creatures vanquished.

Vanquished Creatures (collateral kills)
  2 hobgoblins (D:1)
  A ball python (D:1)
  A rat (D:1)
4 creatures vanquished.

Vanquished Creatures (others)
  2 bats (D:1)
  4 rats (D:1)
6 creatures vanquished.

Grand Total: 13 creatures vanquished

Notes
Turn   | Place    | Note
--------------------------------------------------------------
     0 | D:1      | Ololoev, the Mummy Summoner, began the quest for the Orb.
     0 | D:1      | Reached XP level 1. HP: 13/13 MP: 3/3
   734 | D:1      | Slain by a kobold

Action                   || total
-------------------------++-------
Melee: Unarmed           ||    28
 Cast: Summon Small Mamm ||    17
